 Dungeon Crawl Stone Soup version 0.28-a0-425-gd0eccab798 (webtiles) character file.

Game seed: 9652410112035974641

1386 Demosthentine the Spear-Bearer (level 8, -4/64 HPs)
             Began as a Merfolk Gladiator on Sept 9, 2021.
             Was a Believer of Zin.
             Slain by Sigmund (9 damage)
             ... on level 6 of the Dungeon.
             The game lasted 00:05:09 (4638 turns).

Demosthentine the Spear-Bearer (Merfolk Gladiator)  Turns: 4638, Time: 00:05:10

Health: -4/64      AC:  8    Str: 14 (16) XL:     8   Next: 67%
Magic:  8/8        EV: 15    Int:  5 (7)  God:    Zin [**....]
Gold:   257        SH:  5    Dex: 15 (16) Spells: 7/7 levels left

rFire   . . .      SeeInvis .   a - +1 trident
rCold   . . .      Faith    .   (no shield)
rNeg    . . .      Spirit   .   b - +0 leather armour
rPois   .          Reflect  +   c - +0 helmet
rElec   .          Harm     .   n - +0 cloak
rCorr   .          Rampage  .   p - +0 pair of gloves
Will    .....                   h - +0 pair of boots
Stlth   +.........              l - amulet of reflection
HPRegen 0.20/turn               (no ring)
MPRegen 0.11/turn               (no ring)

@: no status effects
A: (nimble swimmer 2), mertail
a: Renounce Religion, Recite, Vitalisation, Donate Gold


You were on level 6 of the Dungeon.
You worshipped Zin.
Zin was pleased with you.
You visited 1 branch of the dungeon, and saw 6 of its levels.

You collected 285 gold pieces.
You donated 28 gold pieces to Zin.

Inventory:

Hand Weapons
 a - a +1 trident (weapon)
Missiles
 q - 5 throwing nets (quivered)
Armour
 b - a +0 leather armour (worn)
 c - a +0 helmet (worn)
 h - a +0 pair of boots (worn)
 n - a +0 cloak (worn)
 p - a +0 pair of gloves (worn)
Jewellery
 l - an amulet of reflection (around neck)
 u - an amulet of the acrobat
Wands
 d - a wand of mindburst (8)
 j - a wand of flame (28)
 s - a wand of acid (6)
Scrolls
 f - 2 scrolls of enchant weapon
 g - 2 scrolls of immolation
 k - 2 scrolls of teleportation
 t - a scroll of identify
Potions
 e - a potion of haste
 i - 3 potions of attraction
 m - 3 potions of degeneration
 o - 2 potions of cancellation
 r - a potion of curing


   Skills:
 + Level 6.0 Fighting
 + Level 8.6 Polearms
 - Level 2.0 Throwing
 + Level 3.7 Armour
 + Level 7.9 Dodging


You had 7 spell levels left.
You didn't know any spells.
Your spell library contained the following spells:

 Spells                   Type           Power      Damage    Failure   Level
 Sublimation of Blood     Necr           0%         N/A       69%         2
 Wereblood                Tmut           0%         N/A       69%         2
 Gell's Gravitas          Tloc           0%         N/A       89%         3
 Lesser Beckoning         Tloc           0%         N/A       89%         3
 Teleport Other           Tloc           0%         N/A       89%         3
 Summon Hydra             Summ           0%         N/A       100%        7


Dungeon Overview and Level Annotations

Branches:
Dungeon (6/15)
 Temple: D:4-7

Altars:
Fedhas
Makhleb
Ru
Vehumet
Zin

Annotations:
D:6 Sigmund


Innate Abilities, Weirdness & Mutations

((You are quick and stealthy near water. (Stealth+, EV+, Speed+++)))
Your lower body shifts to a powerful aquatic tail in water.


Message History

Something hits you but does no damage.
You puncture the sky beast!
The sky beast is moderately wounded.
The sky beast hits you. The sky beast shocks you.
* * * LOW HITPOINT WARNING * * *
You miss the sky beast.
The sky beast is moderately wounded.
The sky beast closely misses you. Something hits you!
* * * LOW HITPOINT WARNING * * *
You hit the sky beast but do no damage.
The sky beast is moderately wounded.
The sky beast closely misses you.
You closely miss the sky beast.
The sky beast is moderately wounded.
Something barely misses you.
The sky beast hits you but does no damage.
Drinking this now will have no effect.
Okay, then.
You closely miss the sky beast.
The sky beast is moderately wounded.
The sky beast closely misses you. Something hits you but does no damage.
You hit the sky beast but do no damage.
The sky beast is moderately wounded.
The sky beast barely misses you.
You hit the sky beast.
The sky beast is heavily wounded.
Something hits you.
* * * LOW HITPOINT WARNING * * *
You hit the sky beast but do no damage.
The sky beast is heavily wounded.
The sky beast barely misses you.
It was a potion of curing.
You feel better.
The sky beast flickers out of sight!
You block something's attack. Something hits you but does no damage.
You miss something. Something hits you.
* * * LOW HITPOINT WARNING * * *
Something shocks you.
* * * LOW HITPOINT WARNING * * *
Something hits you!
You die...

#.#.#.........#
#.#(#..##.....#
#.#.#..######.#
#......# # ...
##### #......#
.## ###.# ....#
#......#...## #
#####
#.###.....(..
#.###o.#...##
#..@{oh......
#####{.######
...... ##...##
...# ...# #.@#
#..


You could see a black bear and 2 orcs.

Vanquished Creatures
  Maggie (D:6)
  Grinder (D:3)
  Eustachio (D:5)
  A necrophage (D:5)
  2 ogres
  A bullfrog (D:4)
  A water moccasin skeleton (D:4)
  A hound (D:5)
  An orc priest (D:6)
  3 iguanas (D:5)
  2 orc wizards (D:5)
  Natasha (thrice) (D:3)
  A killer bee zombie (D:6)
  A hound skeleton (D:4)
  4 adders (D:2)
  2 howler monkey skeletons (D:4)
  2 worms
  2 dart slugs (D:1)
  7 orcs
  5 ball pythons
  6 endoplasms
  2 giant cockroaches
  A goblin (D:1)
  5 hobgoblins
  4 jackals (D:2)
  8 kobolds
  4 quokkas
  5 bats
  7 frilled lizards
  7 rats
91 creatures vanquished.

Vanquished Creatures (others)
  An orc wizard (D:5)
1 creature vanquished.

Grand Total: 92 creatures vanquished

Notes
Turn   | Place    | Note
-------+----------+-------------------------------------------
     0 | D:1      | Demosthentine the Merfolk Gladiator began the quest for the
                  | Orb.
     0 | D:1      | Reached XP level 1. HP: 16/16 MP: 1/1
   119 | D:1      | Reached XP level 2. HP: 21/23 MP: 2/2
   362 | D:1      | Reached XP level 3. HP: 28/28 MP: 3/3
   721 | D:2      | Reached skill level 5 in Polearms
   747 | D:2      | Reached skill level 1 in Armour
   907 | D:2      | Found a faded altar of an unknown god.
   947 | D:2      | Reached XP level 4. HP: 35/35 MP: 4/4
  1640 | D:3      | Noticed Natasha
  1650 | D:3      | Killed Natasha
  1651 | D:3      | Reached skill level 5 in Dodging
  1651 | D:3      | Reached XP level 5. HP: 22/41 MP: 5/5
  1730 | D:3      | Noticed Natasha
  1736 | D:3      | Killed Natasha
  1758 | D:3      | Noticed Natasha
  1767 | D:3      | Killed Natasha
  2194 | D:3      | Found a large runed translucent door.
  2195 | D:3      | Found a large runed translucent door.
  2257 | D:3      | Noticed Grinder
  2262 | D:3      | Paralysed by Grinder for 4 turns
  2280 | D:3      | Killed Grinder
  2281 | D:3      | Reached skill level 6 in Polearms
  2281 | D:3      | Reached XP level 6. HP: 40/48 MP: 6/6
  2377 | D:3      | Found a blossoming altar of Fedhas.
  2588 | D:3      | Found a burning altar of Makhleb.
  2595 | D:3      | Found a sacrificial altar of Ru.
  2695 | D:4      | Reached XP level 7. HP: 55/55 MP: 7/7
  2708 | D:4      | Found a glowing silver altar of Zin.
  3157 | D:4      | Reached skill level 7 in Polearms
  3540 | D:4      | Became a worshipper of Zin the Law-Giver
  3540 | D:4      | Reached * piety under Zin
  3591 | D:5      | Entered Level 5 of the Dungeon
  3644 | D:5      | Noticed Eustachio
  3669 | D:5      | Killed Eustachio
  3709 | D:5      | Reached skill level 5 in Fighting
  3970 | D:5      | Reached XP level 8. HP: 57/62 MP: 8/8
  3993 | D:5      | Reached skill level 8 in Polearms
  4210 | D:5      | Found a radiant altar of Vehumet.
  4240 | D:5      | Reached ** piety under Zin
  4464 | D:6      | Noticed Maggie
  4497 | D:6      | Killed Maggie
  4613 | D:6      | Noticed Sigmund
  4638 | D:6      | Slain by Sigmund

Illustrated notes

Levels and vault maps discovered:
D:1:      wander_arrival_desolate, layout_basic, minmay_domino_4
D:2:      layout_rooms, shapermc_ecumenical_altar_totnotflames
D:3:      layout_basic, mainiacjoe_overflow_alcove_2, jmf_multi_god_temple2,
          uniq_grinder, uniq_natasha
D:4:      layout_basic, lemuel_round_altar, serial_rivers,
          chequers_serial_rivers_small_3, chequers_serial_rivers_micro_c,
          chequers_serial_rivers_small_a, chequers_serial_rivers_small_b,
          chequers_serial_rivers_micro_a, kennysheep_small_square
D:5:      layout_rooms, mainiacjoe_overflow_24_doors, uniq_eustachio
D:6:      layout_loops_ring, minmay_temple_entry_mist,
          cheibrodos_sewer_entry_drain, kennysheep_generic_room_7, uniq_maggie,
          uniq_prince_ribbit1, uniq_sigmund

Skill      XL: |  1  2  3  4  5  6  7  8 |
---------------+-------------------------+-----
Polearms       | 5 6 7 8 |  8.6
Armour         | 1 2 3 |  3.7
Fighting       | 3 4 5 6 |  6.0
Dodging        | 5 6 7 |  7.9
Throwing       | |  2.0

Action                   |  1- 3 |  4- 6 |  7- 9 || total
-------------------------+-------+-------+-------++-------
Melee: Trident           |    93 |   140 |   161 ||   394
       Tailslap          |       |     3 |       ||     3
Throw: Throwing net      |       |     2 |     6 ||     8
  Use: Scroll            |     5 |     1 |     1 ||     7
       Potion            |       |       |     5 ||     5
 Stab: Sleeping          |     2 |     1 |     1 ||     4
       Held in net/web   |       |       |     2 ||     2
Armor: Leather armour    |    22 |    23 |    25 ||    70
Dodge: Dodged            |    47 |    65 |    71 ||   183
Block: Other             |       |     4 |    19 ||    23

Table legend: (Time is in decaauts)
 A = Elapsed time spent in this place.
 B = Non-inter-level travel time spent in this place.
 C = Inter-level travel time spent in this place.
 D = Time resting spent in this place.
 E = Time spent auto-exploring this place.
 F = Levels seen in this place.
 G = Mean time per level.
                   A        B        C        D        E       F      G
               +--------+--------+--------+--------+--------+-----+--------+
         Total |   4615 |   4478 |    137 |      0 |   3602 |   6 |  769.2 |
       Dungeon |   4615 |   4478 |    137 |      0 |   3602 |   6 |  769.2 |
               +--------+--------+--------+--------+--------+-----+--------+

Top non-repeatable levels by time:
     D:2: 1023 daAuts
     D:3: 994 daAuts
     D:4: 937 daAuts
     D:5: 867 daAuts
     D:1: 624 daAuts
     D:6: 167 daAuts
